 Dungeon Crawl Stone Soup version 0.25.0-37-gb73750e (webtiles) character file.

Game seed: 2992759431704577090

525 Gadfly the Cudgeler (level 7, -6/41 HPs)
             Began as a Gargoyle Fighter on July 9, 2020.
             Was an Initiate of the Shining One.
             Engulfed by a cloud of freezing vapour (25 damage)
             ... on level 5 of the Dungeon.
             The game lasted 00:06:09 (3804 turns).

Gadfly the Cudgeler (Gargoyle Fighter)              Turns: 3804, Time: 00:06:09

Health: -6/41      AC: 16    Str: 21    XL:     7   Next: 23%
Magic:  7/7        EV:  5    Int:  8    God:    the Shining One [......]
Gold:   73         SH:  9    Dex: 10    Spells: 6/6 levels left

rFire    . . .     SeeInvis .   a - +0 flail
rCold    . . .     Gourm    .   c - +0 kite shield
rNeg     + + .     Faith    .   q - +0 chain mail
rPois    ∞         Spirit   .   (no helmet)
rElec    +         Reflect  .   (no cloak)
rCorr    .         Harm     .   i - +0 pair of gloves
MR       .....                  s - +0 pair of boots
Stlth    ..........             g - amulet of magic regeneration
HPRegen  0.13/turn              e - ring of positive energy
MPRegen  0.35/turn              (no ring)

@: glowing
A: negative energy resistance 1, electricity resistance, unbreathing,
petrification resistance, rot immunity, AC +4
a: Renounce Religion


You were on level 5 of the Dungeon.
You worshipped the Shining One.
The Shining One was noncommittal.
You were not hungry.

You visited 1 branch of the dungeon, and saw 5 of its levels.

You collected 259 gold pieces.
You spent 186 gold pieces at shops.

Inventory:

Hand Weapons
 a - a +0 flail (weapon)
 j - a +2 short sword of holy wrath
Armour
 c - a +0 kite shield (worn)
 i - a +0 pair of gloves (worn)
 q - a +0 chain mail (worn)
 s - a +0 pair of boots (worn)
Jewellery
 e - a ring of positive energy (left hand)
 g - an amulet of magic regeneration (around neck)
Scrolls
 b - 2 scrolls of enchant armour
 h - 5 scrolls of remove curse
 k - 3 scrolls of identify
 l - a scroll of summoning
 m - a scroll of magic mapping {unknown}
 t - a scroll of teleportation
Potions
 d - 2 potions of might
 o - 3 potions of ambrosia
 p - a potion of resistance
 r - a potion of magic
 u - a potion of haste
 v - a potion of cancellation
 w - a potion of berserk rage {unknown}
Comestibles
 f - 6 rations


   Skills:
 - Level 3.2 Fighting
 * Level 7.7 Maces & Flails
 - Level 3.2 Armour
 - Level 3.2 Shields


You had 6 spell levels left.
You didn't know any spells.
Your spell library was empty.

Dungeon Overview and Level Annotations

Branches:
Dungeon (5/15)
 Temple: D:4-7

Altars:
Ashenzari
Elyvilon
Fedhas
Kikubaaqudgha
Okawaru
The Shining One

Shops:
D:4 ?   D:5 (


Innate Abilities, Weirdness & Mutations

You are resistant to torment.
Your stone body is resilient. (AC +4)
You are immune to poison.
You resist negative energy. (rN+)
You are resistant to electric shocks. (rElec)
You can survive without breathing.
You are immune to petrification.
You are immune to rotting.


Message History

Found a stone staircase leading down.
k - 3 scrolls of identify (gained 1) Pikel the Slaver comes into view.
He is wielding a +0 whip of electrocution, wearing a +0 robe of cold resistance and carrying a wand of clouds (8).
A slave comes into view.
Pikel zaps a wand.
Pikel creates a blast of flame!
You are engulfed in blazing flames.
Pikel waves a pair of manacles at you.
Pikel says, "I'm sure they'll be treated well, anyway."
You start resting.
Pikel is too close now for your liking.
Pikel is nearby!
Pikel is engulfed in blazing flames.
Pikel is engulfed in blazing flames.
Pikel zaps a wand.
Pikel creates a blast of freezing vapour!
You are engulfed in freezing vapours.
Pikel is engulfed in blazing flames.
Pikel dies!
With Pikel's spell broken, the former slave thanks you for its freedom.
You are engulfed in freezing vapours.
Ouch! That really hurt!
You die...

#..##.##. #........
#§p...# #§# #○# #§#
##§## #§§§# #§@§# #...#
#...# #
######...#####.#
#>.............#
......>.........# .#
##.............## .#
######...##########.###
#...#######......#


You could see a neutral freed slave (wandering).

Vanquished Creatures
  Duvessa (D:5)
  Dowan (D:5)
  An orc priest (D:3)
  A centaur skeleton (D:4)
  3 orc wizards (D:3)
  2 worker ants (D:4)
  6 adders
  An ooze (D:3)
  An adder zombie (D:5)
  2 worms
  6 dart slugs
  3 leopard geckos
  10 orcs
  5 bats
  7 giant cockroaches
  6 goblins
  8 hobgoblins
  8 jackals
  3 quokkas
  3 ball pythons
  2 frilled lizards
  10 kobolds
  A leopard gecko skeleton (D:4)
  4 rats
95 creatures vanquished.

Vanquished Creatures (others)
  Pikel (D:5)
1 creature vanquished.

Grand Total: 96 creatures vanquished

Notes
Turn   | Place    | Note
-------+----------+-------------------------------------------
     0 | D:1      | Gadfly the Gargoyle Fighter began the quest for the Orb.
     0 | D:1      | Reached XP level 1. HP: 14/14 MP: 1/1
     6 | D:1      | Noticed a salamander
     6 | D:1      | Noticed a polar bear
     7 | D:1      | Noticed a rime drake
    65 | D:1      | Reached XP level 2. HP: 12/19 MP: 2/2
   256 | D:1      | Reached skill level 3 in Maces & Flails
   681 | D:1      | Reached XP level 3. HP: 23/23 MP: 3/3
  1011 | D:2      | Reached skill level 4 in Maces & Flails
  1243 | D:2      | Reached XP level 4. HP: 25/28 MP: 4/4
  1662 | D:2      | Found a blossoming altar of Fedhas.
  2116 | D:3      | Reached skill level 5 in Maces & Flails
  2143 | D:3      | Reached XP level 5. HP: 32/32 MP: 5/5
  2485 | D:3      | Reached skill level 6 in Maces & Flails
  2485 | D:3      | Reached XP level 6. HP: 37/37 MP: 6/6
  2956 | D:4      | Found Qemiur's Magic Scroll Emporium.
  2981 | D:4      | Bought a scroll of enchant armour for 82 gold pieces
  2981 | D:4      | Bought a scroll of summoning for 104 gold pieces
  3355 | D:4      | Found a glowing golden altar of the Shining One.
  3358 | D:4      | Found an ancient bone altar of Kikubaaqudgha.
  3358 | D:4      | Found an iron altar of Okawaru.
  3361 | D:4      | Found a shattered altar of Ashenzari.
  3363 | D:4      | Became a worshipper of the Shining One
  3484 | D:5      | Entered Level 5 of the Dungeon
  3493 | D:5      | Found a white marble altar of Elyvilon.
  3493 | D:5      | Found Soviffut's Weapon Shop.
  3546 | D:5      | Noticed Duvessa
  3546 | D:5      | Noticed Dowan
  3560 | D:5      | Killed Duvessa
  3560 | D:5      | Reached skill level 7 in Maces & Flails
  3560 | D:5      | Reached XP level 7. HP: 31/41 MP: 7/7
  3597 | D:5      | Killed Dowan
  3788 | D:5      | Noticed Pikel
  3803 | D:5      | Killed Pikel
  3804 | D:5      | Engulfed by a cloud of freezing vapour

Illustrated notes

Levels and vault maps discovered:
D:1:      onia_arrival_zoo_common, layout_basic, minmay_ruptured
D:2:      layout_rooms, lemuel_round_altar, minmay_misc_feat_chi
D:3:      layout_rooms
D:4:      layout_basic, grunt_temple_overflow_open, serial_shops, shop,
          first_ration
D:5:      layout_loops_cross, overflow_temple_1_default, marbit_many_paths,
          minitemple, serial_shops, shop, uniq_duvessa, uniq_sigmund, uniq_pikel

Skill      XL: |  1  2  3  4  5  6 |
---------------+-------------------+-----
Maces & Flails | 3 4 5 6 7 |  7.7
Fighting       | |  3.2
Armour         | |  3.2
Shields        | |  3.2

Action                   |  1- 3 |  4- 6 |  7- 9 || total
-------------------------+-------+-------+-------++-------
Melee: Flail             |   145 |   255 |    31 ||   431
  Use: Scroll            |     4 |     9 |       ||    13
       Potion            |     1 |     4 |       ||     5
  Eat: Chunk             |     1 |     7 |     2 ||    10
Armor: Scale mail        |    95 |    34 |       ||   129
       Chain mail        |       |   139 |    29 ||   168
       Skin              |       |    34 |       ||    34
Dodge: Dodged            |    53 |    64 |     8 ||   125
Block: Kite shield       |    88 |   116 |    21 ||   225
